 Dungeon Crawl Stone Soup version 0.27-a0-1529-g1e82c303ef (webtiles) character file.

Game seed: 15406682826153391991

83 blackman the Bolt Thrower (level 4, -6/33 HPs)
             Began as a Human Wanderer on July 11, 2021.
             Killed from afar by a hobgoblin (10 damage)
             ... with an iceblast
             ... on level 3 of the Dungeon.
             The game lasted 00:06:14 (2272 turns).

blackman the Bolt Thrower (Human Wanderer)          Turns: 2272, Time: 00:06:15

Health: -6/33      AC:  8    Str: 16    XL:     4   Next: 71%
Magic:  5/5        EV:  6    Int: 12    God:
Gold:   124        SH:  0    Dex: 10    Spells: 5/5 levels left

rFire    + . .     SeeInvis .   a - +2 hand crossbow
rCold    . . .     Faith    .   (no shield)
rNeg     . . .     Spirit   .   e - +0 chain mail
rPois    .         Reflect  .   (no helmet)
rElec    .         Harm     .   (no cloak)
rCorr    .         Rampage  .   (no gloves)
Will     .....                  (no boots)
Stlth    ..........             (no amulet)
HPRegen  0.11/turn              f - ring of protection from fire
MPRegen  0.09/turn              (no ring)

@: no status effects
A: no striking features
a: no special abilities


You were on level 3 of the Dungeon.
You visited 1 branch of the dungeon, and saw 3 of its levels.

You collected 124 gold pieces.

Inventory:

Hand Weapons
 a - a +2 hand crossbow (weapon)
Missiles
 b - 9 bolts (quivered ammo)
 d - 5 atropa-tipped darts
Armour
 c - a +0 robe
 e - a +0 chain mail (worn)
Jewellery
 f - a ring of protection from fire (left hand)
Scrolls
 g - a scroll of silence {unknown}
 i - a scroll of torment {unknown}
 k - a scroll of noise {unknown}
Potions
 h - a potion of haste {unknown}
 j - a potion of curing {unknown}


   Skills:
 - Level 2.0 Fighting
 * Level 4.1 Crossbows
 - Level 1.0 Stealth
 - Level 1.0 Shields
 - Level 1.0 Spellcasting
 - Level 2.0 Summonings
 - Level 2.0 Transmutations


You had 5 spell levels left.
You didn't know any spells.
Your spell library contained the following spells:

 Spells                   Type           Power      Damage    Failure   Level
 Apportation              Tloc           0%         N/A       99%         1
 Sandblast                Erth           0%         2d4       99%         1
 Lesser Beckoning         Tloc           0%         N/A       100%        3
 Stone Arrow              Conj/Erth      0%         3d7       100%        3


Dungeon Overview and Level Annotations

Branches:
Dungeon (3/15)

Altars:


Message History

You see here an adder corpse.
b - 13 bolts (gained 7) Key pressed, stopping explore.
A bat comes into view.
The bat barely misses you.
You shoot a bolt. The bolt closely misses the bat.
The bat hits you but does no damage. The bat barely misses you.
You shoot a bolt. The bolt barely misses the bat.
The bat hits you but does no damage.
You shoot a bolt. The bolt barely misses the bat.
The bat hits you but does no damage.
You shoot a bolt. The bolt hits the bat!
You kill the bat!
Items here: ( )) รท.
Key pressed, stopping explore.
Found 14 arrows.
b - 11 bolts (gained 2)
A rat comes into view.
A rat is nearby!
You shoot a bolt. The bolt barely misses the rat.
A hobgoblin comes into view. It is carrying a wand of iceblast (8).
You shoot a bolt. The bolt closely misses the rat.
The hobgoblin shouts!
The rat bites you but does no damage.
You shoot a bolt. The bolt hits the rat!
You kill the rat!
The hobgoblin zaps a wand.
The mass of ice explodes!
The iceblast engulfs you!
You hear a shout! x2
You see here a bolt.
b - 9 bolts (gained 1)
There are no items here.
The hobgoblin zaps a wand.
The mass of ice explodes!
The iceblast engulfs you!
* * * LOW HITPOINT WARNING * * *
A bat comes into view.
The hobgoblin zaps a wand.
The mass of ice explodes!
The iceblast engulfs you.
* * * LOW HITPOINT WARNING * * *
There is a stone staircase leading up here.
The bat hits you but does no damage.
The hobgoblin zaps a wand.
The mass of ice explodes!
The iceblast engulfs you!
You die...

#.#.#.#.....#.#.#.#.#......#
#.#.#.#...#.#.#.#.#.##.#....
#.#.#.....#.#.#>#.#...'....
#.#.#.#.#.#.#.#.#..#.#...
.#.#.#.#.#.#.#g#.#.# # #'#
.#.#.#.#.#.#.#.#.#..# .
.#.#.#.#.#.#.#.#.#.#.#
.#.#.#.#.#.#.#.#.#.#..#
.#.#.#.#.#.#.#b@.#.#.#..
#.#.#.#.#.#.#.#.#.#.#.###
#.#.#.#.#.#.#.#.#.#.#.## ##
#.#.#.#.#.#.#.#.#.#.#
#.#.#.#.#.#.#.#.#.##
#.#.#.#.#.#.#.#.#.#
#.#.#.#.#.#.#.#.##
#.#.#.#.#.#.#.#.#
#.#.#.#.#.#.#.#(##


You could see a hobgoblin and a bat.

Vanquished Creatures
  3 adders
  A worm (D:2)
  2 dart slugs
  3 ball pythons
  3 endoplasms (D:1)
  A giant cockroach (D:1)
  8 goblins
  4 hobgoblins
  3 kobolds
  3 quokkas
  8 bats
  4 frilled lizards
  3 rats
46 creatures vanquished.

Vanquished Creatures (others)
  4 plants (D:2)
4 creatures vanquished.

Grand Total: 50 creatures vanquished

Notes
Turn   | Place    | Note
-------+----------+-------------------------------------------
     0 | D:1      | blackman the Human Wanderer began the quest for the Orb.
     0 | D:1      | blackman set off with the following items: a +2 hand
                  | crossbow, 23 bolts, a +0 robe; and the following spells
                  | available to memorise: Apportation, Sandblast, Lesser
                  | Beckoning, Stone Arrow
     0 | D:1      | Reached XP level 1. HP: 16/16 MP: 2/2
   160 | D:1      | Reached XP level 2. HP: 22/22 MP: 3/3
   163 | D:1      | Reached skill level 2 in Crossbows
   825 | D:1      | Reached XP level 3. HP: 27/27 MP: 4/4
   942 | D:1      | Reached skill level 3 in Crossbows
  1332 | D:2      | Reached XP level 4. HP: 33/33 MP: 5/5
  1396 | D:2      | Found a faded altar of an unknown god.
  1701 | D:2      | You fall into a shaft and drop 1 floor!
  1959 | D:2      | Reached skill level 4 in Crossbows
  2272 | D:3      | Killed from afar by a hobgoblin

Illustrated notes

Levels and vault maps discovered:
D:1:      minmay_arrival_open_corners, layout_basic, amethyst_killhole
D:2:      layout_loops_ring, serial_forest, infiniplex_forest_clump_diagonal,
          infiniplex_forest_straight_4, infiniplex_forest_clump_large,
          infiniplex_forest_lined_2, infiniplex_forest_clump_long,
          infiniplex_forest_lined_corner, infiniplex_forest_end_2,
          chequers_ecumenical_altar_simple
D:3:      minmay_chambers_of_twos, layout_basic, kb_xom_exploding_sheep,
          gammafunk_temple_overflow_pools, minmay_fountain_box, uniq_sigmund

Skill      XL: |  1  2  3  4 |
---------------+-------------+-----
Crossbows      | 2 3 4 |  4.1
Fighting       | |  2.0
Stealth        | |  1.0
Shields        | |  1.0
Spellcasting   | |  1.0
Summonings     | |  2.0
Transmutations | |  2.0

Action                   |  1- 3 |  4- 6 || total
-------------------------+-------+-------++-------
 Fire: Hand crossbow     |    71 |    48 ||   119
Armor: Robe              |    10 |       ||    10
       Chain mail        |    17 |    11 ||    28
Dodge: Dodged            |    27 |    10 ||    37

Table legend: (Time is in decaauts)
 A = Elapsed time spent in this place.
 B = Non-inter-level travel time spent in this place.
 C = Inter-level travel time spent in this place.
 D = Time resting spent in this place.
 E = Time spent auto-exploring this place.
 F = Levels seen in this place.
 G = Mean time per level.
                   A        B        C        D        E       F      G
               +--------+--------+--------+--------+--------+-----+--------+
         Total |   2315 |   2243 |     72 |    600 |   1323 |   3 |  771.7 |
       Dungeon |   2315 |   2243 |     72 |    600 |   1323 |   3 |  771.7 |
               +--------+--------+--------+--------+--------+-----+--------+

Top non-repeatable levels by time:
     D:1: 1282 daAuts
     D:2: 843 daAuts
     D:3: 190 daAuts
